Map: Terrasses de Prion

Players

zidar

  • Race: Zerg Zerg
  • League: Silver
  • Spawn Location: 11:00

KevOstrich - Winner!

  • Race: Terran Terran
  • League: Silver
  • Spawn Location: 5:00

VOD

Have the link to the VOD?

Description

Time

  • Played on: Nov. 27, 2015, 11:24 a.m.
  • Length: 18:27
Show
View Real Time Build Order
Export as new Build Order

zidar Zerg 

Build Orders: Pool First, Muta Ling Bane 

Get SALT Encoding   

  12  0:01  Drone  
  13  0:08  Drone  
  14  0:17  Overlord  
  14  0:20  Extractor  
  13  0:24  Drone  
  15  0:37  Drone x2  
  17  0:44  Extractor  
  17  0:49  Spawning Pool  
  15  0:53  Drone  
  16  0:57  Drone  
  17  1:24  Hatchery  
  16  1:27  Drone  
  16  1:31  Drone  
  18  1:48  Queen  
  20  1:57  Drone  
  20  1:59  Drone  
  20  2:00  Overlord  
  21  2:19  Drone  
  21  2:20  Drone  
  23  2:31  Queen  
  25  2:37  Metabolic Boost  
  25  2:40  Overlord x2  
  25  2:52  Zergling x2  
  25  2:53  Zergling x4  
  28  3:02  Zergling x8  
  32  3:15  Extractor  
  31  3:23  Spore Crawler  
  30  3:27  Spore Crawler  
  29  3:44  Zergling x10  
  29  3:45  Zergling x12  
  40  3:55  Baneling Nest  
  35  4:09  Zergling x2  
  36  4:10  Zergling x8  
  29  4:49  Drone  
  29  4:50  Drone x7  
  37  5:12  Lair  
  37  5:18  Drone  
  37  5:19  Drone x5  
  43  5:28  Spore Crawler  
  42  5:34  Roach Warren  
  41  5:37  Drone  
  41  5:38  Drone x3  
  37  6:14  Roach x7  
  51  6:21  Overlord  
  51  6:22  Overlord x2  
  51  6:42  Hatchery  
  51  6:47  Roach x5  
  61  7:01  Drone x2  
  61  7:02  Drone  
  61  7:03  Drone  
  61  7:04  Drone  
  65  7:10  Spire  
  65  7:13  Drone x2  
  65  7:15  Overlord x3  
  66  7:23  Extractor  
  66  7:24  Extractor  
  66  7:26  Drone x2  
  66  7:28  Drone  
  67  7:43  Queen  
  69  7:53  Drone x3  
  72  8:06  Hatchery  
  72  8:11  Drone  
  72  8:25  Mutalisk x7  
  72  8:26  Mutalisk x3  
  92  8:58  Roach x3  
  98  9:04  Overlord  
  98  9:05  Overlord  
  98  9:18  Drone x6  
  98  9:23  Overlord x2  
  104  9:29  Ravager x3  
  104  9:30  Ravager  
  104  9:31  Ravager  
  109  9:38  Centrifical Hooks  
  109  9:52  Evolution Chamber  
  108  9:57  Evolution Chamber  
  107  10:07  Hatchery  
  54  11:15  Roach  
  54  11:16  Roach x12  
  54  11:17  Roach  
  54  11:18  Roach  
  81  11:19  Mutalisk x10  
  94  11:54  Drone x12  
  95  12:00  Ravager x2  
  95  12:01  Ravager  
  105  12:36  Roach  
  119  12:37  Roach x10  
  127  13:15  Zerg Ground Armor Level 1  
  127  13:16  Zerg Missile Weapons Level 1  
  127  13:22  Overlord x2  
  127  13:23  Overlord  
  127  13:54  Overseer  
  129  14:10  Roach x10  
  129  14:11  Roach x2  
  129  14:14  Extractor  
  129  14:15  Overlord x2, Extractor  
  129  14:16  Overlord  
  149  14:45  Hatchery  
  141  15:03  Ravager x3  
  141  15:04  Ravager x3  
  141  15:05  Ravager x4  
  141  15:06  Ravager  
  152  15:29  Zergling x8  
  152  15:30  Zergling x40  
  176  15:41  Overlord x3  
  176  15:42  Overlord  
  43  16:36  Roach  
  43  16:37  Roach x7  
  43  16:38  Roach x4  
  38  17:46  Mutalisk x7  
  38  17:47  Mutalisk x2  
Show
View Real Time Build Order
Export as new Build Order

KevOstrich Terran - Winner!

Build Orders:  

Get SALT Encoding   

  12  0:01  SCV  
  13  0:13  SCV  
  14  0:20  Supply Depot  
  14  0:25  SCV  
  15  0:42  SCV  
  16  0:44  Barracks  
  16  0:53  Refinery  
  16  0:54  SCV  
  17  1:06  SCV  
  19  1:18  SCV  
  19  1:30  SCV  
  19  1:32  Marine  
  21  1:48  Command Center  
  21  2:00  Barracks Reactor  
  21  2:15  Factory  
  21  2:19  SCV  
  21  2:21  Refinery  
  22  2:31  SCV  
  23  2:44  Supply Depot  
  23  2:47  Orbital Command  
  23  3:03  Barracks Tech Lab  
  23  3:15  SCV  
  24  3:24  SCV  
  25  3:27  SCV  
  25  3:29  Hellion  
  25  3:30  Hellion  
  25  3:31  Marine  
  31  3:36  SCV  
  31  3:37  Supply Depot  
  31  3:39  SCV  
  31  3:40  Stimpack  
  32  3:48  SCV  
  32  3:49  Marine  
  32  3:51  Hellion x2  
  37  4:06  Marine  
  38  4:24  Marine  
  37  4:43  SCV  
  38  4:59  Supply Depot  
  38  5:10  Marine, SCV  
  38  5:11  SCV, Hellion x2  
  45  5:23  SCV x2  
  45  5:25  Bunker  
  45  5:28  Marine  
  47  5:32  Hellion x2  
  47  5:33  Factory  
  47  5:35  SCV x2  
  54  5:37  Starport  
  54  5:47  Barracks  
  54  6:08  Supply Depot  
  54  6:29  Marine, Supply Depot  
  54  6:31  Starport Reactor  
  55  6:38  Refinery  
  55  6:40  Refinery  
  55  6:41  SCV x2  
  57  6:51  Supply Depot  
  57  6:53  Combat Shield, SCV x2  
  59  6:57  Barracks Tech Lab  
  59  7:05  SCV x2  
  61  7:15  Supply Depot  
  61  7:16  Factory Tech Lab, Supply Depot  
  61  7:17  SCV x2  
  63  7:35  Marine x3  
  66  7:38  Supply Depot  
  66  7:40  Siege Tank  
  66  7:43  Medivac x2  
  73  7:53  Marine x3  
  73  7:55  Engineering Bay  
  73  7:57  Engineering Bay  
  76  8:00  Supply Depot  
  76  8:02  Armory  
  76  8:09  Armory  
  76  8:11  Marine x3  
  79  8:12  Siege Tank  
  79  8:13  Medivac x2  
  86  8:23  Supply Depot  
  86  8:26  Barracks  
  86  8:29  Marine x2  
  88  8:43  Medivac  
  88  8:45  Supply Depot, Siege Tank  
  93  8:49  Marine x3  
  96  9:06  Marine  
  96  9:07  Marine x2  
  99  9:11  Medivac  
  99  9:13  Medivac  
  106  9:17  Siege Tank, Terran Infantry Weapons Level 1  
  106  9:18  Terran Infantry Armor Level 1  
  106  9:24  Marine x2  
  106  9:25  Marine  
  109  9:35  Orbital Command  
  109  9:42  Marine x3  
  112  9:49  Siege Tank  
  112  9:51  Barracks Reactor  
  115  10:00  Marine x3  
  108  10:21  Siege Tank  
  111  10:27  Command Center  
  90  11:05  Marine x4  
  90  11:06  Marine  
  89  11:51  Marine x3  
  89  11:52  Marine x2  
  89  11:54  Medivac x2  
  88  12:09  Marine x4  
  88  12:10  Marine  
  88  12:11  Siege Tank  
  96  12:16  Command Center  
  96  12:24  Medivac x2  
  96  12:27  Marine x5  
  95  12:40  Terran Infantry Weapons Level 2  
  95  12:41  Terran Infantry Armor Level 2  
  95  12:43  Terran Vehicle Weapons Level 1, Siege Tank  
  98  12:44  Terran Vehicle And Ship Armor Level 1  
  98  12:45  Marine x5  
  99  12:54  Medivac x2  
  103  13:02  Marine  
  103  13:03  Marine  
  103  13:15  Siege Tank  
  103  13:18  Marine  
  103  13:19  Marine x2  
  109  13:20  Marine x2  
  109  13:23  Medivac  
  109  13:24  Medivac  
  115  13:28  Supply Depot  
  115  13:36  Marine x2  
  117  13:47  Siege Tank  
  120  13:48  Barracks  
  120  14:19  Marine x3, Siege Tank  
  120  14:20  Marine x2  
  128  14:32  Supply Depot  
  128  14:37  Marine x3  
  131  14:51  Siege Tank  
  132  14:55  Supply Depot  
  124  15:05  Marine  
  125  15:15  Terran Vehicle Weapons Level 2, Starport  
  125  15:17  Terran Infantry Weapons Level 3  
  125  15:18  Terran Infantry Armor Level 3, Supply Depot  
  125  15:23  Siege Tank  
  125  15:28  Barracks Tech Lab  
  128  15:31  Liberator x2  
  128  15:32  Barracks Reactor  
  128  15:40  Supply Depot  
  128  15:41  Marine x5  
  139  15:54  Refinery  
  139  15:55  Refinery, Siege Tank  
  142  15:59  Marine x5  
  142  16:03  Supply Depot, Orbital Command  
  147  16:10  Command Center  
  146  16:14  Liberator x2  
  146  16:16  Marine  
  146  16:17  Marine x2  
  123  16:27  Siege Tank  
  117  18:07  Marine x2  
  117  18:08  Marine x5  
Tags
 
Add a new tag
Caveats
  • Supply blocks, unpowered buildings, or Contaminate may cause inaccurate times.
  • Supply counts are checked every 10 seconds.